 Dungeon Crawl Stone Soup version 0.18.1-6-gd335043 (webtiles) character file.

68 Gingerlord the Skirmisher (level 4, 0/37 HPs)
             Began as a Formicid Abyssal Knight on May 17, 2016.
             Was a Follower of Lugonu.
             Succumbed to an adder's poison
             ... on level 2 of the Dungeon.
             The game lasted 00:02:29 (1161 turns).

Gingerlord the Skirmisher (Formicid Abyssal Knight) Turns: 1161, Time: 00:02:30

Health: 0/37       AC: 10    Str: 21    XL:     4   Next: 41%
Magic:  5/5        EV:  8    Int: 12    God:    Lugonu [*.....]
Gold:   94         SH:  0    Dex: 11    Spells: 0 memorised, 3 levels left

rFire  . . .     SeeInvis +     a - +1 falchion
rCold  . . .     Gourm    +     i - +0 chain mail
rNeg   . . .     Faith    .     (no shield)
rPois  .         Spirit   .     (helmet unavailable)
rElec  .         Dismiss  .     e - +0 cloak
rCorr  .         Reflect  .     (no gloves)
SustAt .         Harm     .     (no boots)
MR     .....                    j - amulet of the gourmand
Stlth  ..........               (no ring)
                                (no ring)

@: mighty, lethally poisoned (0 -> -3), very slightly contaminated, invisible,
not resistant to hostile enchantments, extremely unstealthy
A: permanent stasis, dig shafts and tunnels, four strong arms, antennae 3
a: Dig, Shaft Self, Depart the Abyss, Renounce Religion


You were on level 2 of the Dungeon.
You worshipped Lugonu.
Lugonu was aware of your devotion.
You were not hungry.

You visited 1 branch of the dungeon, and saw 2 of its levels.
You visited the Abyss 1 time.

You collected 94 gold pieces.

Inventory:

Hand Weapons
 a - a +1 falchion (weapon)
Armour
 e - a +0 cloak (worn)
 i - a +0 chain mail (worn)
 m - a +0 large shield
Jewellery
 j - an amulet of the gourmand (around neck)
Scrolls
 b - a scroll of immolation {unknown}
 f - a scroll of random uselessness {unknown}
 h - a scroll of remove curse {unknown}
 k - a scroll of magic mapping {unknown}
 l - a scroll of amnesia {unknown}
 n - a scroll of recharging {unknown}
 o - a scroll of identify {unknown}
 q - a scroll of blinking {unknown}
Potions
 g - a potion of berserk rage
Comestibles
 c - 2 bread rations


   Skills:
 + Level 4.2 Fighting
 + Level 2.3 Long Blades
 + Level 2.8 Armour
 + Level 1.7 Dodging
 + Level 2.3 Invocations


You had 3 spell levels left.
You didn't know any spells.

Dungeon Overview and Level Annotations

Branches:
Dungeon (2/15)

Altars:
The Shining One


Innate Abilities, Weirdness & Mutations

You are under a permanent stasis effect.
You can dig through walls and to a lower floor.
Your four strong arms can wield two-handed weapons with a shield.
You have a pair of large antennae on your head (SInv).


Message History

The goblin hits you but does no damage.
Unknown command.
You completely miss the goblin.
* * * LOW HITPOINT WARNING * * *
You feel sick. The bat closely misses you.
The goblin hits you but does no damage.
Unknown command.
Your chain mail prevents you from hitting the goblin.
The bat hits you but does no damage. The goblin hits you but does no damage.
Unknown command.
The bat barely misses you.
Unknown command.
* * * LOW HITPOINT WARNING * * *
You feel sick. The bat closely misses you. The bat closely misses you.
The bat hits you but does no damage.
You slash the goblin!
You kill the goblin!
Lugonu accepts your kill.
You die...

..#...+.≈♣≈.+..###..##
..##..#♣.≈.♣#..# ##..#
..#####♣♣÷♣♣#..# #..#..
..# ###'###.## #..#..
### #....(..## ##....
#####......##....##
#####.....##......#..#
......#####......##b.#
................@....###
.....###.###.####).....#
.........# #. ##.....###
)....##### #.
#.......##. .†..## #..#
##..#...... ....# #.#
#.†.###.## . ....#
###.### #...## . ..
....# #.....#
#....####.### #####
#....<# #........>...


You could see a bat.

Vanquished Creatures
  A gnoll (D:1)
  3 adders (D:2)
  2 giant geckos
  A giant cockroach (D:2)
  A goblin (D:2)
  4 hobgoblins
  4 jackals (D:1)
  4 kobolds (D:1)
  2 quokkas (D:2)
  3 bats
  3 rats (D:1)
28 creatures vanquished.

Notes
Turn   | Place    | Note
--------------------------------------------------------------
     0 | Abyss:1  | Gingerlord the Formicid Abyssal Knight began the quest for the Orb.
     0 | Abyss:1  | Reached XP level 1. HP: 18/18 MP: 2/2
    73 | Abyss:1  | Noticed a green very ugly thing
    75 | D:1      | Escaped the Abyss
   123 | D:1      | Found a glowing golden altar of the Shining One.
   132 | D:1      | Reached skill level 1 in Dodging
   132 | D:1      | Reached XP level 2. HP: 25/25 MP: 3/3
   137 | D:1      | Reached * piety under Lugonu
   335 | D:1      | Reached XP level 3. HP: 29/30 MP: 4/4
   706 | D:2      | Reached skill level 4 in Fighting
   943 | D:2      | Reached XP level 4. HP: 32/37 MP: 5/5
  1155 | D:2      | HP: 1/37 [poisoned by an adder]
  1161 | D:2      | Succumbed to an adder's poison

Skill      XL: |  1  2  3 |
---------------+----------+-----
Dodging        | 1 |  1.7
Fighting       | 4 |  4.2
Long Blades    | |  2.3
Armour         | |  2.8
Invocations    | |  2.3

Action                   |  1- 3 |  4- 6 || total
-------------------------+-------+-------++-------
Melee: Falchion          |    74 |    41 ||   115
Invok: Depart the Abyss  |     1 |       ||     1
  Use: Potion            |       |     3 ||     3
  Eat: Chunk             |       |     1 ||     1
Armor: Leather armour    |    15 |       ||    15
       Chain mail        |    21 |    50 ||    71
Dodge: Dodged            |    45 |    40 ||    85
